 Dungeon Crawl Stone Soup version 0.22-a0-414-gacd343e (webtiles) character file.

24 PegasusDuck the Magician (level 2, -2/15 HPs)
             Began as a Deep Elf Fire Elementalist on May 13, 2018.
             Slain by a centaur (8 damage)
             ... on level 1 of the Dungeon.
             The game lasted 00:01:22 (893 turns).

PegasusDuck the Magician (DEFE)                      Turns: 893, Time: 00:01:23

Health: -2/15      AC:  2    Str:  5    XL:     2   Next: 79%
Magic:  2/8        EV: 13    Int: 19    God:
Gold:   40         SH:  0    Dex: 15    Spells: 5/8 levels left

rFire    . . .     SeeInvis .   (no weapon)
rCold    . . .     Gourm    .   (no shield)
rNeg     . . .     Faith    .   a - +0 robe
rPois    .         Spirit   .   (no helmet)
rElec    .         Reflect  .   (no cloak)
rCorr    .         Harm     .   (no gloves)
MR       .....                  (no boots)
Stlth    ++........             (no amulet)
HPRegen  0.05/turn              (no ring)
MPRegen  0.11/turn              (no ring)

@: no status effects
A: no striking features
a: no special abilities


You were on level 1 of the Dungeon.
You were not hungry.

You visited 1 branch of the dungeon, and saw 2 of its levels.

You collected 40 gold pieces.

Inventory:

Armour
 a - a +0 robe (worn)
Scrolls
 b - a scroll of magic mapping {unknown}
 d - a scroll of identify {unknown}
Comestibles
 c - 2 rations


   Skills:
 + Level 2.8 Dodging
 + Level 2.7 Stealth
 * Level 3.7 Spellcasting
 + Level 1.5 Conjurations
 + Level 3.5 Fire Magic


You had 5 spell levels left.
You knew the following spells:

 Your Spells              Type           Power        Failure   Level  Hunger
a - Flame Tongue          Conj/Fire      ##...        4%          1    None
b - Throw Flame           Conj/Fire      ##....       8%          2    ##.....

Your spell library contained the following spells:

 Spells                   Type           Power        Failure   Level  Hunger
 Fireball                 Conj/Fire      ##........   80%         5    ######.
 Conjure Flame            Conj/Fire      ##......     16%         3    ###....
 Sticky Flame             Conj/Fire      ##......     45%         4    ####...
 Inner Flame              Hex/Fire       ##......     21%         3    ###....


Dungeon Overview and Level Annotations

Branches:
Dungeon (2/15)

Altars:


Message History

Press: ? - help, Shift-Dir - straight line, f - centaur
Aim: a centaur The flame tongue hits the centaur.
The centaur is lightly wounded.
The centaur closely misses you.
The centaur hits you but does no damage.
Unknown command.
You aren't carrying any potions.
Unknown command.
Okay, then.
Casting: Flame Tongue (safe; 4% risk of failure)
Confirm with . or Enter, or press ? or * to list all spells.
Aiming: Flame Tongue (safe; 4% risk of failure)
Press: ? - help, Shift-Dir - straight line, f/p - centaur
Aim: a centaur (lightly wounded)
The flame tongue hits the centaur.
The centaur is moderately wounded.
The centaur hits you!
Ouch! That really hurt!
You die...

###### # ####### #....# # #.[...#
#.##.# # #.###.# #..#.# # #.###.#
#..#.# # ###### #.....# ##.#.# #
#....# #...@.# #.#.# # #....#
#...c.######.#.# #
###....######.###......#.#.# #
..............###..###.#.#.# #
.............##........#.#.# #
.......#####.#...........#.######
...###..##...........(..........#
...# #..#........................
...###.....#.##....#.++++++.#####


You could see a centaur.

Vanquished Creatures
  3 dart slugs
  2 leopard geckos (D:1)
  A bat (D:2)
  A giant cockroach (D:1)
  2 goblins (D:1)
  3 frilled lizards (D:1)
  6 rats (D:1)
18 creatures vanquished.

Notes
Turn   | Place    | Note
-------+----------+-------------------------------------------
     0 | D:1      | PegasusDuck the Deep Elf Fire Elementalist began the quest for the Orb.
     0 | D:1      | Reached XP level 1. HP: 10/10 MP: 6/6
   324 | D:1      | Reached XP level 2. HP: 15/15 MP: 6/8
   506 | D:1      | Learned a level 2 spell: Throw Flame
   883 | D:2      | Noticed a centaur
   893 | D:1      | Slain by a centaur

Vault maps used:
D:1:      lightli_arrival_maybe_door_vault

Action                   || total
-------------------------++-------
Melee: Unarmed           ||     1
 Cast: Flame Tongue      ||    25
       Throw Flame       ||     3
Armor: Robe              ||     1
Dodge: Dodged            ||     6

Table legend:
 A = Spawn XP
 B = Non-spawn XP
 C = Spawn XP percentage of total XP
 D = Spawn monster count
 E = Non-spawn monster count
 F = Spawn count percentage of total count
 G = Total turns spent on level
                    A         B        C        D         E        F      G
               +---------+---------+-------+---------+---------+-------+---------
         Total |       0 |      35 |   0.0 |       0 |      18 |   0.0 |   893
               +---------+---------+-------+---------+---------+-------+---------
           D:1 |       0 |      29 |   0.0 |       0 |      16 |   0.0 |   873
           D:2 |       0 |       6 |   0.0 |       0 |       2 |   0.0 |    20
               +---------+---------+-------+---------+---------+-------+---------
